 Dungeon Crawl Stone Soup version 0.21.1-1-g345015f (webtiles) character file.

357 pstr the Digger (level 6, -3/51 HPs)
             Began as a Naga Earth Elementalist on Feb 20, 2018.
             Killed from afar by batai666's ghost (19 damage)
             ... with a stone arrow
             ... on level 4 of the Dungeon.
             The game lasted 00:12:32 (4983 turns).

pstr the Digger (Naga Earth Elementalist)           Turns: 4983, Time: 00:12:32

Health: -3/51      AC:  6    Str: 10    XL:     6   Next: 64%
Magic:  9/12       EV: 10    Int: 20    God:
Gold:   252        SH:  0    Dex: 12    Spells: 9/13 levels left

rFire    . . .     SeeInvis +   h - +3 short sword
rCold    . . .     Gourm    .   (no shield)
rNeg     . . .     Faith    .   g - +2 leather armour {rPois}
rPois    +         Spirit   .   (no helmet)
rElec    .         Reflect  .   (no cloak)
rCorr    .         Harm     .   n - +0 pair of gloves
MR       .....                  (no barding)
Stlth    ++........             A - amulet of inaccuracy (curse)
HPRegen  0.17/turn              r - +3 ring of intelligence
MPRegen  0.13/turn              (no ring)

@: short of breath, very slightly contaminated, very slow
A: large, see invisible, deformed body, poison resistance, slowness 2, slow
metabolism 1, spit poison 1, AC +2
a: Spit Poison


You were on level 4 of the Dungeon.
You were hungry.

You visited 1 branch of the dungeon, and saw 4 of its levels.
You also visited: Sewer.

You collected 252 gold pieces.

Inventory:

Hand Weapons
 a - a +0 short sword
 h - a +3 short sword (weapon)
 m - a +0 club
 z - a +2 mace of protection
Missiles
 i - 41 arrows
Armour
 c - a +0 robe
 g - a +2 leather armour of poison resistance (worn)
 k - a +0 pair of gloves
 n - a +0 pair of gloves (worn)
Jewellery
 r - a +3 ring of intelligence (left hand)
 A - a cursed amulet of inaccuracy (around neck)
Scrolls
 j - 2 scrolls of magic mapping
 l - a scroll of enchant weapon {unknown}
 o - a scroll of noise {unknown}
 p - 2 scrolls of blinking
 q - a scroll of teleportation {unknown}
 s - a scroll of amnesia {unknown}
 t - 2 scrolls of identify {unknown}
 u - a scroll of immolation {unknown}
 y - a scroll of fear {unknown}
Potions
 f - a potion of heal wounds {unknown}
 v - a potion of resistance {unknown}
Books
 e - a book of Geomancy

   Spells                             Type                      Level
   a - Sandblast                      Earth                        1
   b - Passwall                       Transmutation/Earth          2
   c - Stone Arrow                    Conjuration/Earth            3
   d - Petrify                        Transmutation/Earth          4
   e - Lee's Rapid Deconstruction     Earth                        5
Comestibles
 d - 2 rations


   Skills:
 + Level 1.0 Fighting
 + Level 0.7 Short Blades
 + Level 0.6 Armour
 + Level 2.2 Dodging
 + Level 3.4 Stealth
 + Level 4.1 Spellcasting
 + Level 1.4 Conjurations
   Level 1.0 Transmutations
 + Level 4.6 Earth Magic


You had 9 spell levels left.
You knew the following spells:

 Your Spells              Type           Power        Failure   Level  Hunger
a - Sandblast             Erth           ###...       2%          1    None
b - Stone Arrow           Conj/Erth      ###...       14%         3    ###....


Dungeon Overview and Level Annotations

Branches:
Dungeon (4/15)
 Temple: D:4-7

Altars:
Gozag

Shops:
D:3 *

Annotations:
D:4 batai666's ghost, amateur GrEE


Innate Abilities, Weirdness & Mutations

You cannot wear boots.
Your serpentine skin is tough. (AC +2)
You have supernaturally acute eyesight. (SInv)
Armour fits poorly on your strangely shaped body.
Your system is resistant to poisons. (rPois)
You cover ground very slowly.
You have a slow metabolism.
You can spit poison.


Message History

You miscast Stone Arrow.
You are very lightly contaminated with residual magic.
You momentarily stiffen.
Press: ? - help, Shift-Dir - straight line, f/p - batai666's ghost
Aim: batai666's ghost The splash of poison hits batai666's ghost.
Batai666's ghost completely resists.
You feel slightly more hungry.
You hit batai666's ghost.
Batai666's ghost is lightly damaged.
Batai666's ghost hits you. x2
You hit batai666's ghost.
Batai666's ghost is moderately damaged.
Batai666's ghost points at you and mumbles some strange words.
The stone arrow hits you!
You miss batai666's ghost.
Batai666's ghost is moderately damaged.
Batai666's ghost closely misses you.
Batai666's ghost points at you and mumbles some strange words.
The stone arrow hits you!
You die...

#### #.# ..# #.#
#.# #.# #.
#######.###.#
#.##...........#
#.#.##.#####.#####
#.#.##W# #.#
#.#.##.# #.#
#.#.##@# #.#
#.#.##.# ..#
#.#.)..# ...
##.#.###### ###
#...........
#..#.#######
#....#.# ##..<#.#
#..##.#


You could see batai666's ghost.

Vanquished Creatures
  An ogre (D:4)
  A bullfrog (Sewer)
  3 orc wizards (D:3)
  2 adders
  A worm (D:2)
  9 leopard geckos
  7 orcs
  2 ball pythons (Sewer)
  5 giant cockroaches
  5 goblins
  5 hobgoblins
  4 jackals (D:1)
  A quokka (D:3)
  11 bats
  15 frilled lizards
  12 kobolds
  11 rats
95 creatures vanquished.

Notes
Turn   | Place    | Note
-------+----------+-------------------------------------------
     0 | D:1      | pstr the Naga Earth Elementalist began the quest for the Orb.
     0 | D:1      | Reached XP level 1. HP: 15/15 MP: 3/3
    46 | D:1      | You fall through a shaft!
   344 | D:2      | Reached XP level 2. HP: 22/22 MP: 3/5
  1001 | D:1      | Reached XP level 3. HP: 20/28 MP: 4/6
  1006 | D:1      | Learned a level 3 spell: Stone Arrow
  2579 | D:3      | Reached XP level 4. HP: 36/36 MP: 0/8
  2628 | D:3      | Found a glowing drain.
  2647 | Sewer    | Entered a sewer
  3009 | Sewer    | Reached XP level 5. HP: 43/43 MP: 5/9
  3706 | D:3      | Reached skill level 1 in Conjurations
  3794 | D:3      | Reached XP level 6. HP: 40/50 MP: 0/11
  4039 | D:3      | Found an opulent altar of Gozag.
  4039 | D:3      | Found Gozag's Platinum Reserve.
  4731 | D:4      | HP: 2/50 [ogre/giant spiked club (17)]
  4732 | D:4      | Reached skill level 1 in Fighting
  4977 | D:4      | Noticed batai666's ghost (amateur GrEE)
  4983 | D:4      | Killed from afar by batai666's ghost

Skill      XL: |  1  2  3  4  5  6 |
---------------+-------------------+-----
Dodging        | 2 |  2.2
Spellcasting   | 3 4 |  4.1
Earth Magic    | 4 |  4.6
Conjurations   | 1 |  1.4
Fighting       | 1 |  1.0
Short Blades   | |  0.7
Armour         | |  0.6
Stealth        | |  3.4
Transmutations | |  1.0

Action                   |  1- 3 |  4- 6 || total
-------------------------+-------+-------++-------
Melee: Short sword       |       |    15 ||    15
 Cast: Sandblast         |    60 |    24 ||    84
       Stone Arrow       |     5 |    41 ||    46
 Abil: Spit Poison       |    10 |    24 ||    34
  Use: Scroll            |     1 |     3 ||     4
  Eat: Chunk             |     5 |     8 ||    13
       Ration            |       |     1 ||     1
Armor: Robe              |    13 |     6 ||    19
       Leather armour    |       |    19 ||    19
Dodge: Dodged            |    15 |    35 ||    50
